 Dungeon Crawl Stone Soup version 0.28-a0-1190-g77e1c55843 (webtiles) character file.

Game seed: 15160094358807180637

5826 SensoryNuts the Carver (level 10, -2/77 HPs)
             Began as a Demonspawn Fighter on Dec 18, 2021.
             Was an Initiate of Gozag.
             Slain by a white ugly thing (31 damage)
             ... on level 9 of the Dungeon.
             The game lasted 00:10:10 (9841 turns).

SensoryNuts the Carver (Demonspawn Fighter)         Turns: 9841, Time: 00:10:11

Health: -2/77      AC: 17    Str: 21    XL:     10   Next: 51%
Magic:  10/10      EV: 12    Int:  9    God:    Gozag
Gold:   730        SH:  5    Dex: 15    Spells: 9/9 levels left

rFire   + . .      SeeInvis .   p - +2 scimitar (elec)
rCold   . . .      Faith    .   c - +0 buckler
rNeg    . . .      Spirit   .   u - +1 ring mail {rPois}
rPois   +          Reflect  .   (helmet restricted)
rElec   .          Harm     .   q - +0 cloak
rCorr   .          Rampage  .   (no gloves)
Will    .....                   w - +1 pair of boots
Stlth   +++.......              (no amulet)
HPRegen 0.22/turn               m - +4 ring of protection
MPRegen 0.12/turn               d - ring of protection from fire

@: unable to read
A: horns 1, slimy green scales 2, demonic guardian 3, demonic magic 2, thin
skeletal structure 1, inability to read while threatened
a: Renounce Religion, Potion Petition, Call Merchant, Bribe Branch


You were on level 9 of the Dungeon.
You worshipped Gozag.
Gozag was pleased with you.
You visited 2 branches of the dungeon, and saw 10 of its levels.

You collected 813 gold pieces.
You paid 83 gold pieces to Gozag.

Inventory:

Hand Weapons
 a - a +0 long sword
 p - a +2 scimitar of electrocution (weapon)
Armour
 c - a +0 buckler (worn)
 q - a +0 cloak (worn)
 u - a +1 ring mail of poison resistance (worn)
 w - a +1 pair of boots (worn)
Jewellery
 d - a ring of protection from fire (right hand)
 i - a ring of flight
 m - a +4 ring of protection (left hand)
Wands
 o - a wand of acid (7)
 s - a wand of polymorph (9) (quivered)
Scrolls
 b - 2 scrolls of identify
 f - 2 scrolls of teleportation
 g - a scroll of enchant armour
 j - a scroll of noise {unknown}
 k - 2 scrolls of amnesia
 n - 3 scrolls of enchant weapon
 r - 2 scrolls of magic mapping
Potions
 e - 3 potions of curing
 h - 2 potions of heal wounds
 l - 2 potions of lignification
 t - a potion of brilliance


   Skills:
 + Level 6.6 Fighting
 * Level 13.2 Long Blades
 + Level 6.3 Armour
 + Level 3.2 Dodging
 + Level 3.5 Stealth
 + Level 4.4 Shields


You had 9 spell levels left.
You didn't know any spells.
Your spell library contained the following spells:

 Spells                   Type           Power      Damage    Failure   Level
 Ensorcelled Hibernation  Hex/Ice        0%         N/A       67%         2
 Passwall                 Tmut/Erth      0%         N/A       67%         2
 Confusing Touch          Hex            0%         N/A       88%         3
 Gell's Gravitas          Tloc           0%         N/A       88%         3
 Inner Flame              Hex/Fire       0%         N/A       88%         3
 Lesser Beckoning         Tloc           0%         N/A       88%         3
 Swiftness                Air            0%         N/A       88%         3
 Teleport Other           Tloc           0%         N/A       88%         3
 Dispersal                Tloc           0%         N/A       100%        6
 Discord                  Hex            0%         N/A       100%        8


Dungeon Overview and Level Annotations

Branches:
Dungeon (9/15)             Temple (1/1) D:7            Lair (0/6) D:8
    Orc (0/2) D:9

Altars:
Ashenzari
Cheibriados
Dithmenos
Elyvilon
Fedhas
Gozag
Hepliaklqana
Kikubaaqudgha
Makhleb
Nemelex Xobeh
Okawaru
Qazlal
Ru
Sif Muna
Trog
Uskayaw
Vehumet
Wu Jian
Xom
Yredelemnul
Zin
The Shining One

Shops:
D:2 [


Innate Abilities, Weirdness & Mutations

You have a pair of small horns on your head.
You are mostly covered in slimy green scales. (AC +3)
A powerful demonic guardian rushes to your aid.
Spells you cast may paralyse nearby enemies.
You have a somewhat thin skeletal structure. (Dex +2, Stealth+)
You sometimes lose the ability to read scrolls when taking damage.


Message History

You kill the wyvern!
The howler monkey hits you.
You closely miss the howler monkey. Your headbutt misses the howler monkey.
You block the howler monkey's attack.
Unknown command.
You closely miss the howler monkey.
The howler monkey hits you but does no damage.
Unknown command.
You closely miss the howler monkey. You headbutt the howler monkey.
The howler monkey is moderately wounded.
The howler monkey hoots and howls with incredible vigour!
You hear a bellow!
You hear a horrible gurgling sound!
You hear an angry buzzing noise.
You hear a shout! x3
You hear an angry buzzing noise. x2
You slice the howler monkey!!
Lightning courses through the howler monkey!!
You kill the howler monkey!
No target in view!
No target in view!
Something unseen opens the door.
A white ugly thing comes into view.
A white ugly thing is nearby!
A white ugly thing is nearby!
A white ugly thing is nearby!
You see here 12 gold pieces.
Okay, then.
The white ugly thing gurgles horribly!
You see here 12 gold pieces.
You slash the white ugly thing! You headbutt the white ugly thing.
The white ugly thing is lightly wounded.
You slash the white ugly thing!
The white ugly thing is moderately wounded.
The white ugly thing tail-slaps you! The white ugly thing freezes you!!
You feel threatened and lose the ability to read scrolls!
* * * LOW HITPOINT WARNING * * *
A demonic guardian appears!
You feel much better. The white ugly thing tail-slaps you!
The white ugly thing freezes you!!
You die...
Your body crumbles into a pile of gold.

..........#...#.............##.#.
..........#..#.............###.#.
##..#..##........#.......#.###...
####..###>.###...........###....
#...###..#.###....(....#......
##....#..##...###............#.
#........#......#........#.....
##<.#...##..#.$###.....###....#
#>.#.###....u@3.###........##.
###..# #'#...##...#.......#...
#..## ###.#$..##........... #..#
#####.'........##.. ##.##
###............ #..#
###....##.... #.## ###..##....
### ###...... .#....


You could see a white ugly thing (ally target) and a friendly smoke demon
(summoned).

Vanquished Creatures
  A two-headed ogre (D:8)
  2 trolls
  A wraith (D:9)
  3 wyverns
  A steam dragon (D:9)
  4 water moccasins
  An ice beast (D:5)
  2 orc warriors
  3 black bears
  A necrophage (D:5)
  4 centaurs
  A kobold brigand (D:7)
  A phantom (D:7)
  2 bullfrogs
  A gnoll sergeant (D:8)
  2 scorpions
  A wyvern zombie (D:9)
  6 killer bees (D:9)
  3 wights (D:8)
  3 howler monkeys
  A bullfrog skeleton (D:4)
  3 centaur zombies
  2 jellies
  6 hounds
  2 orc priests
  8 orc wizards
  3 iguanas
  A hound skeleton (D:5)
  A howler monkey zombie (D:8)
  Robin (D:4)
  A howler monkey skeleton (D:7)
  6 gnolls
  3 adders
  2 white imps
  An ufetubus (D:6)
  An adder skeleton (D:4)
  4 worms (D:2)
  31 orcs
  7 ball pythons
  11 endoplasms
  4 giant cockroaches
  13 hobgoblins
  3 jackals (D:2)
  2 quokkas
  4 bats
  2 frilled lizards (D:3)
  14 goblins
  14 kobolds
  3 rats
197 creatures vanquished.

Vanquished Creatures (collateral kills)
  Prince Ribbit (D:7)
  A centaur (D:9)
  A kobold brigand (D:6)
  A bullfrog (D:8)
  A wight (D:8)
  A gnoll (D:6)
  An orc (D:8)
  A kobold (D:6)
8 creatures vanquished.

Vanquished Creatures (others)
  6 fungi (D:8)
  10 plants (D:8)
16 creatures vanquished.

Grand Total: 221 creatures vanquished

Notes
Turn   | Place    | Note
-------+----------+-------------------------------------------
     0 | D:1      | SensoryNuts the Demonspawn Fighter began the quest for the
                  | Orb.
     0 | D:1      | Reached XP level 1. HP: 18/18 MP: 1/1
   298 | D:1      | Gained mutation: You have a pair of small horns on your
                  | head. [demonic ancestry]
   298 | D:1      | Reached XP level 2. HP: 16/24 MP: 2/2
   668 | D:1      | Reached skill level 2 in Long Blades
   822 | D:2      | Found Qesmedupt's Antique Armour Shoppe.
   977 | D:2      | Gained mutation: Spells you cast may paralyse adjacent
                  | enemies. [demonic ancestry]
   977 | D:2      | Reached XP level 3. HP: 15/29 MP: 3/3
  1644 | D:2      | Reached skill level 3 in Long Blades
  1644 | D:2      | Gained mutation: A weak demonic guardian rushes to your
                  | aid. [demonic ancestry]
  1644 | D:2      | Reached XP level 4. HP: 20/37 MP: 4/4
  2107 | D:3      | Noticed a water moccasin
  2116 | D:3      | Killed a water moccasin
  2117 | D:3      | Reached skill level 5 in Long Blades
  2117 | D:3      | Gained mutation: A demonic guardian rushes to your aid.
                  | [demonic ancestry]
  2117 | D:3      | Reached XP level 5. HP: 15/42 MP: 5/5
  2798 | D:3      | Gained mutation: You have an increased reservoir of magic.
                  | (+10% MP) [potion of mutation]
  2840 | D:4      | Gained mutation: You are partially covered in slimy green
                  | scales. (AC +2) [demonic ancestry]
  2840 | D:4      | Reached XP level 6. HP: 47/48 MP: 6/6
  2899 | D:4      | Lost mutation: You have an increased reservoir of magic.
                  | (+10% MP) [potion of mutation]
  2899 | D:4      | Gained mutation: You sometimes lose the ability to read
                  | scrolls when taking damage. [potion of mutation]
  2899 | D:4      | Gained mutation: You have a somewhat thin skeletal
                  | structure. (Dex +2, Stealth+) [potion of mutation]
  2947 | D:4      | Reached skill level 6 in Long Blades
  3323 | D:4      | Noticed Robin
  3332 | D:4      | Killed Robin
  3333 | D:4      | Reached skill level 7 in Long Blades
  3390 | D:4      | Reached XP level 7. HP: 54/54 MP: 7/7
  3907 | D:5      | Entered Level 5 of the Dungeon
  4337 | D:5      | Reached skill level 8 in Long Blades
  4337 | D:5      | Reached skill level 1 in Dodging
  4957 | D:6      | Reached skill level 9 in Long Blades
  4970 | D:6      | Gained mutation: A powerful demonic guardian rushes to your
                  | aid. [demonic ancestry]
  4970 | D:6      | Reached XP level 8. HP: 60/61 MP: 8/8
  5323 | D:6      | Reached skill level 1 in Stealth
  5467 | D:6      | Reached skill level 10 in Long Blades
  6145 | D:7      | Noticed a troll
  6154 | D:7      | Killed a troll
  6155 | D:7      | Reached skill level 5 in Fighting
  6155 | D:7      | Reached skill level 5 in Armour
  6160 | D:7      | Got the Papyrus of Curses
  6202 | D:7      | Found a staircase to the Ecumenical Temple.
  6222 | D:7      | Reached skill level 11 in Long Blades
  6609 | D:7      | Gained mutation: Spells you cast may paralyse nearby
                  | enemies. [demonic ancestry]
  6609 | D:7      | Reached XP level 9. HP: 68/68 MP: 9/9
  7009 | D:7      | Noticed Prince Ribbit
  7032 | D:7      | Killed Prince Ribbit
  7604 | Temple   | Entered the Ecumenical Temple
  7792 | Temple   | Became a worshipper of Gozag Ym Sagoz the Greedy
  7903 | D:8      | Found a shimmering blue altar of Sif Muna.
  7907 | D:8      | Found a sacrificial altar of Ru.
  7968 | D:8      | Noticed a two-headed ogre
  7975 | D:8      | Killed a two-headed ogre
  7976 | D:8      | Reached skill level 12 in Long Blades
  8435 | D:8      | Found an iron altar of Okawaru.
  8435 | D:8      | Found a blossoming altar of Fedhas.
  8436 | D:8      | Found a burning altar of Makhleb.
  8738 | D:8      | Found a staircase to the Lair.
  8742 | D:8      | Gained mutation: You are mostly covered in slimy green
                  | scales. (AC +3) [demonic ancestry]
  8742 | D:8      | Reached XP level 10. HP: 76/76 MP: 10/10
  9039 | D:9      | Found a staircase to the Orcish Mines.
  9443 | D:9      | Reached skill level 13 in Long Blades
  9835 | D:9      | Noticed a white ugly thing
  9841 | D:9      | Slain by a white ugly thing

Illustrated notes

Levels and vault maps discovered:
D:1:      heliophobic_arrival_dark_side_of_the_moon, layout_basic
D:2:      layout_basic, serial_shops, nicolae_shop_hallway_stairs
D:3:      layout_rooms, minmay_misc_feat_pillars, minmay_ruptured
D:4:      layout_basic, uniq_robin
D:5:      minmay_evil_eye, layout_rooms, minivault_4
D:6:      layout_basic
D:7:      layout_layer_cave, minmay_temple_entry_butterflies,
          uniq_prince_ribbit1
D:8:      layout_loops_ring, minitemple, grunt_lair_entry_orc_guard_hut
D:9:      minmay_slanted_spiral_squares, layout_cave_pools,
          minmay_orc_entry_temple_small
Temple:   regret_index_temple_sphere_string

Skill      XL: |  1  2  3  4  5  6  7  8  9 10 |
---------------+-------------------------------+-----
Long Blades    | 2 3 5 7 9 11 12 13 | 13.2
Armour         | 3 4 5 6 |  6.3
Shields        | 3 4 |  4.4
Fighting       | 4 5 6 |  6.6
Dodging        | 1 2 3 |  3.2
Stealth        | 1 2 3 |  3.5

Action                   |  1- 3 |  4- 6 |  7- 9 | 10-12 || total
-------------------------+-------+-------+-------+-------++-------
Melee: Long sword        |    94 |   119 |   219 |       ||   432
       Headbutt          |    15 |    23 |    71 |    20 ||   129
       Scimitar          |       |       |    63 |   107 ||   170
  Use: Potion            |       |     4 |     6 |     2 ||    12
       Scroll            |       |     6 |     3 |     1 ||    10
 Stab: Sleeping          |       |       |     5 |     2 ||     7
       Distracted        |       |       |     2 |       ||     2
Armor: Scale mail        |    34 |    18 |       |       ||    52
       Ring mail         |       |    20 |   101 |    51 ||   172
Dodge: Dodged            |    36 |    51 |   125 |    44 ||   256
Block: Buckler           |    17 |    32 |    58 |    22 ||   129

Table legend: (Time is in decaauts)
 A = Elapsed time spent in this place.
 B = Non-inter-level travel time spent in this place.
 C = Inter-level travel time spent in this place.
 D = Time resting spent in this place.
 E = Time spent auto-exploring this place.
 F = Levels seen in this place.
 G = Mean time per level.
                   A        B        C        D        E       F      G
               +--------+--------+--------+--------+--------+-----+--------+
         Total |   9825 |   9252 |    573 |      0 |   7708 |  10 |  982.5 |
       Dungeon |   9621 |   9106 |    515 |      0 |   7576 |   9 | 1069.0 |
        Temple |    204 |    146 |     58 |      0 |    132 |   1 |  204.0 |
               +--------+--------+--------+--------+--------+-----+--------+

Top non-repeatable levels by time:
     D:7: 1597 daAuts
     D:6: 1241 daAuts
     D:8: 1151 daAuts
     D:2: 1133 daAuts
     D:4: 1079 daAuts
     D:3: 906 daAuts
     D:5: 901 daAuts
     D:1: 833 daAuts
     D:9: 776 daAuts
  Temple: 204 daAuts
